Unix NetHack Version 5.0.0-0 post-release - last build May 10 2026 23:12:36 (d1fa5d53e341ca933230fdaa984d921c805b60aa,branch:main).

Game began 2026-05-14 08:07:00, ended 2026-05-14 10:41:26.

2932467751, lawful male human Monk

       -------------                               -----
       |.>.........|          -----------          |..{|
       |............#         |.........|          |j..|         ----------
       |........(..|"        #......[...|         #@...|         |{.......|
       -----------.-?        #|.........-#     ###d|.<.-#########.........|
                ### #        #|......%..|#    ## `#-..^|         |........|
               ##   +      ###|.........|######### -----         ----------
            ####    #      #  -----------#    #
            #       #      #  ##################################
            #       #      # ##          #   ##        --------#
       -----|-      #      # #           #  ##         |......|########
       |.....|      #      # # #         #  #          |......|       ####
       |%%%%!|      #------### #-------- ####       ----......|       ---|-
       |!%%!%|      #|.....##  #|.......####        |......----       |...|
       |]%.%%|      #|....| ####-..x...|   #-----   |...{...#####"[###..).|
       |%!!%%|      #.....-#####|......|   #-..{|  #-......|          |...|
       -------       ------     |....{.|    |....###--------          -----
                                --------    |...|
                                            -----

2932467751 the Novice           St:18/06 Dx:12 Co:13 In:10 Wi:12 Ch:7  Lawful
Dlvl:6  $:51 HP:0(37) Pw:30(30) AC:7  Xp:5 T:2657 

Latest messages:
 You see here a food ration (for sale, 68 zorkmids).
 You see here a fortune cookie (for sale, 11 zorkmids).
 You see here an orange (for sale, 14 zorkmids).
 You see here a food ration (for sale, 68 zorkmids).
 You do not owe Tjiwidej anything.
 You can't go up here.
 You can't go up here.
 Showing known terrain only...
 (For instructions type a '?')  Move cursor to anything of interest:
 Done.
 You descend the stairs.
 Restoring save file...
 Hello 2932467751, the human Monk, welcome back to NetHack!
 Really step into that pit? [yn] (n) y
 You fall into a pit!
 You are still in a pit.
 You are still in a pit.
 You crawl to the edge of the pit.
 You can't go down here.
 You climb up the stairs.
 You hear water falling on coins.
 Really step into that web? [yn] (n) y
 You stumble into a spider web!
 The grid bug bites!
 You get zapped!
 You miss the grid bug.
 You hear someone cursing shoplifters.
 You kill the grid bug!
 You disentangle yourself.
 You see here a scroll labeled ANDOVA BEGARIN.
 Really step into that web? [yn] (n) y
 There is a web here.
 You see here a spellbook of protection.
 You stumble into a spider web!
 You disentangle yourself.
 You stop.  Your little dog is in the way!
 You swap places with your little dog.
 You hear a slow drip.
 You hit the blue jelly!
 You are suddenly very cold!
 You hit the blue jelly!
 You are suddenly very cold!
 You miss the blue jelly.
 You are suddenly very cold!
 You die...
 Do you want your possessions identified? [ynq] (y) y
 Do you want to see your attributes? [ynq] (y) y
 Do you want an account of creatures vanquished? [ynaq] (y) y
 Do you want to see your conduct and achievements? [ynq] (y) y
 Do you want to see the dungeon overview? [ynq] (y) y

Inventory:
 Coins    ('$')
  $ - 51 gold pieces
 Weapons  (')')
  v - a +0 orcish bow
  l - a cursed +0 flail (weapon in right hand)
  r - a +0 scimitar
 Armor    ('[')
  s - an uncursed +0 orcish helm
  a - an uncursed +2 pair of leather gloves (being worn)
  w - an uncursed +0 orcish cloak
  B - a cursed -3 ring mail
 Comestibles  ('%')
  g - 5 uncursed apples
  f - 4 uncursed food rations
  i - 2 uncursed fortune cookies
  h - 6 uncursed oranges
  u - an uncursed lichen corpse
 Scrolls  ('?')
  c - an uncursed scroll of identify
 Potions  ('!')
  e - a blessed potion of healing
  d - 2 uncursed potions of healing
  y - a cursed potion of object detection
 Wands    ('/')
  x - a wand of magic missile (0:4)
 Tools    ('(')
  q - an uncursed skeleton key
 Gems/Stones  ('*')
  p - an uncursed garnet stone

2932467751 the Monk's attributes:

Background:
 You were a Novice, a level 5 male human Monk.
 You were lawful, nominally on a mission for Shan Lai Ching
 who was opposed by Chih Sung-tzu (neutral) and Huan Ti (chaotic).
 You were right-handed.
 You were in the Dungeons of Doom, on level 6.
 You entered the dungeon 2657 turns ago.
 You had 258 experience points, 62 more were needed to attain level 6.

Basics:
 You had 0 out of 37 hit points.
 You had all 30 energy points (spell power).
 Your armor class was 7.
 Your wallet contained 51 zorkmids.
 Autopickup was off.

Final Characteristics:
 Your strength was 18/06 (limit:18/100).
 Your dexterity was 12 (limit:18).
 Your constitution was 13 (limit:18).
 Your intelligence was 10 (limit:18).
 Your wisdom was 12 (limit:18).
 Your charisma was 7 (limit:18).

Final Status:
 You weren't hungry.
 You were unencumbered.
 You were wielding a flail.
 You had no skill with flail.

Final Attributes:
 You were piously aligned.
 You were sleep resistant.
 You were poison resistant.
 You saw invisible.
 You were stealthy.
 You were fast.
 You are dead.

Miscellaneous:
 You didn't encounter any bones levels.
 Total elapsed playing time was 1 hour, 59 minutes and 6 seconds.

Major events:
 Turn
    1: 2932467751 the lawful male human Monk entered the dungeon
  793: attained the rank of Novice (level 3)
 2657: killed by a blue jelly

Spells:
 Name                 Level Category     Fail Retention
 protection             1   clerical      40%  76%-100%

Skills:
 Fighting Skills
   martial arts       [Basic]
 Weapon Skills
   quarterstaff       [Unskilled]
   spear              [Unskilled]
   crossbow           [Unskilled]
   shuriken           [Unskilled]
 Spellcasting Skills
   attack spells      [Unskilled]
   healing spells     [Basic]
   divination spells  [Unskilled]
   enchantment spells [Unskilled]
   clerical spells    [Unskilled]
   escape spells      [Unskilled]
   matter spells      [Unskilled]

Voluntary challenges:
 Character rerolling was not enabled.
 You were vegetarian.
 You were an atheist.
 You never genocided any monsters.
 You never polymorphed an object.
 You never changed form.
 You used no wishes.
Achievements:
 You entered a shop.
 You attained the rank of Novice.

 The Dungeons of Doom: levels 1 to 7
    Level 1:
       An altar to Shan Lai Ching, a fountain, a sink.
    Level 2:
       A bookstore.
    Level 3:
    Level 4:
       A fountain.
    Level 5:
       A fountain.
    Level 6: <- You were here.
       A food shop, many fountains, a sink.
       Final resting place for
          you, killed by a blue jelly.
    Level 7:


Vanquished creatures:
  a leprechaun
  a water nymph
  2 Uruk-hai
  2 rock piercers
  a pony
  a shrieker
  a gnome leader
  a gnomish wizard
  a gray ooze
  a giant ant
  2 little dogs
  a kitten
  a rothe
  a coyote
  a hobgoblin
  2 giant rats
  a cave spider
  a gnome zombie
  2 geckos
  4 jackals
  a kobold
  3 grid bugs
  3 lichens
  a kobold zombie
  3 newts
39 creatures vanquished.

No species were genocided or became extinct.

Game over:
                       ----------
                      /          \
                     /    REST    \
                    /      IN      \
                   /     PEACE      \
                  /                  \
                  |    2932467751    |
                  |      51 Au       |
                  | killed by a blue |
                  |      jelly       |
                  |                  |
                  |                  |
                  |       2026       |
                 *|     *  *  *      | *
        _________)/\\_//(\/(/\)/\//\/|_)_______

Goodbye 2932467751 the Monk...

You died in The Dungeons of Doom on dungeon level 6 with 1378 points,
and 51 pieces of gold, after 2657 moves.
You were level 5 with a maximum of 37 hit points when you died.

